 Dungeon Crawl Stone Soup version 0.25.1-2-g60ff931df9 (webtiles) character file.

Game seed: 9349059626075352827

439 Erymatos the Chopper (level 6, -6/84 HPs)
             Began as a Minotaur Berserker on Nov 16, 2020.
             Was a Believer of Trog.
             Mangled by a centaur (8 damage)
             ... on level 4 of the Dungeon.
             The game lasted 00:03:41 (4000 turns).

Erymatos the Chopper (Minotaur Berserker)           Turns: 4000, Time: 00:03:41

Health: -6/84      AC:  5    Str: 23    XL:     6   Next: 70%
Magic:  5/5        EV: 11    Int:  4    God:    Trog [**....]
Gold:   102        SH:  3    Dex: 10    Spells: 5/5 levels left

rFire    . . .     SeeInvis .   a - +0 hand axe
rCold    . . .     Gourm    .   r - +0 buckler
rNeg     . . .     Faith    .   z - +0 ring mail
rPois    .         Spirit   .   (helmet restricted)
rElec    .         Reflect  .   (no cloak)
rCorr    .         Harm     .   (no gloves)
MR       .....                  (no boots)
Stlth    ..........             (no amulet)
HPRegen  0.24/turn              (no ring)
MPRegen  0.09/turn              (no ring)

@: berserking (expiring), very quick
A: retaliatory headbutt, horns 2
a: Berserk, Trog's Hand, Renounce Religion


You were on level 4 of the Dungeon.
You worshipped Trog.
Trog was pleased with you.
You were near starving.

You visited 1 branch of the dungeon, and saw 4 of its levels.

You collected 102 gold pieces.

Inventory:

Hand Weapons
 a - a +0 hand axe (weapon)
Armour
 b - a +0 animal skin
 r - a +0 buckler (worn)
 z - a +0 ring mail (worn)
Jewellery
 s - a +6 ring of strength
 x - an uncursed ring of magical power {unknown}
Wands
 y - a wand of random effects (10)
Scrolls
 g - 3 scrolls of enchant weapon {unknown}
 i - a scroll of enchant armour {unknown}
 j - a scroll of fear {unknown}
 k - a scroll of amnesia {unknown}
 l - a scroll of noise {unknown}
 m - a scroll of magic mapping {unknown}
 n - a scroll of identify {unknown}
 q - a scroll of remove curse {unknown}
 u - a scroll of blinking {unknown}
 v - a scroll of teleportation {unknown}
Potions
 d - a potion of haste {unknown}
 e - a potion of stabbing {unknown}
 f - a potion of heal wounds {unknown}
 h - a potion of lignification {unknown}
 o - 3 potions of magic {unknown}
 p - 2 potions of curing {unknown}
 w - a potion of flight {unknown}
Comestibles
 c - 7 rations


   Skills:
 + Level 5.4 Fighting
 + Level 6.7 Axes
 + Level 3.7 Armour
 + Level 3.8 Dodging
 + Level 0.8 Shields


You had 5 spell levels left.
You didn't know any spells.
Your spell library was empty.

Dungeon Overview and Level Annotations

Branches:
Dungeon (4/15)
 Temple: D:4-7

Altars:
Ashenzari
Dithmenos
Hepliaklqana
Makhleb
Sif Muna

Annotations:
D:3 1 runed translucent door


Innate Abilities, Weirdness & Mutations

You reflexively headbutt those who attack you in melee.
You have a pair of horns on your head.


Message History

* * * LOW HITPOINT WARNING * * *
You slash the centaur!
The centaur is moderately wounded.
The centaur misses you.
Unknown command.
You slash the centaur!
The centaur is severely wounded.
The centaur hits you.
* * * LOW HITPOINT WARNING * * *
Unknown command.
You completely miss the centaur.
The centaur is severely wounded.
The centaur hits you but does no damage.
Unknown command.
You hit the centaur. Your headbutt misses the centaur.
The centaur is almost dead.
Your skin stops crawling.
You feel less resistant to hostile enchantments.
The centaur hits you!
You die...

....$..........##...#.#
.....c.........##...#.#
+........<....#<...#.#
#............#......#
#....(.......#......'
#.....((.....#####.>#
########'#+#..## ##.#
######.#.#...####.#
#.@c...............
###.##(######.##########
.........?...#.#
######..####.# # #..#
#..# #..# #..# #...


You could see a centaur.

Vanquished Creatures
  The ghost of bananovenc the Charmwright, an amateur GnSk (D:3)
  A jelly (D:3)
  An orc priest (D:3)
  An orc wizard (D:3)
  An iguana (D:4)
  4 adders
  A river rat (D:3)
  An ooze (D:1)
  3 worms
  2 dart slugs
  A leopard gecko (D:2)
  7 orcs (D:3)
  2 ball pythons (D:3)
  3 giant cockroaches
  5 goblins
  4 hobgoblins
  2 jackals (D:2)
  5 kobolds
  3 quokkas (D:3)
  5 bats
  8 frilled lizards
  2 rats
63 creatures vanquished.

Notes
Turn   | Place    | Note
-------+----------+-------------------------------------------
     0 | D:1      | Erymatos the Minotaur Berserker began the quest for the
                  | Orb.
     0 | D:1      | Reached XP level 1. HP: 19/19 MP: 0/0
   559 | D:1      | Reached skill level 4 in Axes
   559 | D:1      | Reached XP level 2. HP: 27/27 MP: 1/1
  1548 | D:2      | Reached XP level 3. HP: 33/33 MP: 2/2
  1929 | D:2      | Reached ** piety under Trog
  1974 | D:2      | Found a shimmering blue altar of Sif Muna.
  1974 | D:2      | Found a hazy altar of Hepliaklqana.
  2086 | D:3      | Found a shadowy altar of Dithmenos.
  2087 | D:3      | Found a shattered altar of Ashenzari.
  2304 | D:3      | Found a runed translucent door.
  2306 | D:3      | Noticed bananovenc's ghost (amateur GnSk)
  2332 | D:3      | Found a burning altar of Makhleb.
  2347 | D:3      | Reached XP level 4. HP: 35/41 MP: 3/3
  2432 | D:3      | Reached skill level 5 in Axes
  2625 | D:3      | Reached XP level 5. HP: 43/47 MP: 4/4
  3557 | D:3      | Found a runed translucent door.
  3702 | D:3      | Killed bananovenc's ghost
  3702 | D:3      | Reached skill level 5 in Fighting
  3702 | D:3      | Reached skill level 6 in Axes
  3702 | D:3      | Reached XP level 6. HP: 25/56 MP: 5/5
  3996 | D:4      | HP: 3/84 [centaur (8)]
  3998 | D:4      | HP: 1/84 [centaur (4)]
  4000 | D:4      | Mangled by a centaur

Illustrated notes

Levels and vault maps discovered:
D:1:      eino_arrival_druids_welcome, layout_loops_corners,
          serial_bayou_lagoon_a
D:2:      layout_basic, gammafunk_temple_overflow_elements, minmay_lizard_pond
D:3:      layout_loops_corners, grunt_temple_overflow_open, old_standard_altar,
          first_ration, ebering_ghost_sewer_f
D:4:      lemuel_castle_with_subvaults [lemuel_castle_interior_carwin_1],
          layout_basic, nicolae_ru_path_of_blood, temple_pool_b,
          minmay_misc_feat_room, roderic_lattice_a, uniq_blork_the_orc,
          uniq_duvessa, uniq_robin

Skill      XL: |  1  2  3  4  5 |
---------------+----------------+-----
Fighting       | 4 5 |  5.4
Axes           | 4 5 6 |  6.7
Dodging        | 3 |  3.8
Armour         | 3 |  3.7
Shields        | |  0.8

Action                   |  1- 3 |  4- 6 || total
-------------------------+-------+-------++-------
Melee: Hand axe          |    68 |    79 ||   147
       Headbutt          |    13 |     8 ||    21
Invok: Berserk           |     1 |     4 ||     5
       Trog's Hand       |       |     1 ||     1
 Stab: Sleeping          |     1 |       ||     1
  Eat: Chunk             |     5 |     8 ||    13
Armor: Animal skin       |    12 |     4 ||    16
       Ring mail         |       |    13 ||    13
Dodge: Dodged            |    33 |    41 ||    74
Block: Buckler           |       |    10 ||    10
